Diablos vs Rafales
(R2)
Created - December 6, 2020 at 19:31
Goals
|
| Diablos |
2 |
0 |
3 |
5 |
| Rafales |
1 |
1 |
2 |
4 |
|
Shots
|
| Diablos |
17 |
4 |
16 |
37 |
| Rafales |
11 |
4 |
14 |
29 |
|
1st period
1. Diablos , Adrian Kempe 13 (Peter Holland 21) at 0:04
2. Rafales , Joe Labate 4 (Ben Thomson 5, Slater Koekkoek 1) at 6:32
3. Diablos , Jakub Vrana 3 (Alex Petrovic 3, Andrey Pedan 6) at 11:07
Penalties :
Pavel Kraskovsky (Stf) for Holding (Minor) at 2:57
2nd period
4. Rafales , Connor Murphy 1 (Zac Dalpe 10, Brian Ferlin 6) at 2:14 (PP)
Penalties :
Adrian Kempe (Don) for High sticking (Double Minor) at 1:24
3rd period
5. Diablos , Ty Rattie 4 (Jakub Vrana 5, Andrey Pedan 7) at 9:56
6. Rafales , Andrew Shaw 8 (Garret Ross 7, Jayson Megna 9) at 10:08
7. Rafales , Zac Dalpe 10 (Brian Ferlin 7, Joey Laleggia 4) at 13:07
8. Diablos , Adrian Kempe 14 (Peter Holland 22) at 16:43 (PP)
9. Diablos , Adam Gaudette 6 (Jiri Sekac 8, Tyler Pitlick 10) at 18:34
Penalties :
Jayson Megna (Stf) for Roughing (Minor) at 6:42, Adrian Kempe (Don) for Cross-checking (Minor) at 14:17, Ben Thomson (Stf) for Tripping (Minor) at 16:32, Viktor Loov (Don) for Hooking (Minor) at 18:46
Goalie Stats
Joni Ortio (Don), 25 saves from 29 shots - (0.862), W, 10-5-2, 60:00 minutes
Leland Irving (Stf), 32 saves from 37 shots - (0.865), L, 5-10-2, 59:53 minutes
Players Stats for Diablos
Player Name G A P +/- PIM S H SB GA TA FO MP PP MP PK MP
------------------------------------------------------------------------------------
Adam Gaudette 1 0 1 0 0 5 1 0 0 0 3/8 15:11 0:19 0:09
Adrian Kempe 2 0 2 -1 6 4 2 0 2 0 0/0 18:34 1:53 0:00
Alex Petrovic 0 1 1 -1 0 3 2 1 0 0 0/0 20:06 1:39 1:18
Andrei Mironov 0 0 0 -1 0 0 0 1 0 0 0/0 18:26 1:39 0:00
Andrey Pedan 0 2 2 2 0 0 2 0 0 1 0/0 11:47 0:00 0:00
Brian Dumoulin 0 0 0 0 0 1 1 0 0 0 0/0 25:34 2:30 2:31
Corey Trivino 0 0 0 0 0 1 1 0 0 0 6/13 15:02 1:57 4:03
Corey Tropp 0 0 0 0 0 1 2 0 0 0 0/0 9:36 0:00 0:31
Danton Heinen 0 0 0 -1 0 3 4 1 1 0 3/3 18:14 1:53 0:00
Dean Kukan 0 0 0 2 0 0 1 1 0 0 0/0 16:43 0:00 4:43
Dominic Turgeon 0 0 0 2 0 2 0 0 0 0 1/3 9:40 0:00 0:00
Jakub Vrana 1 1 2 2 0 5 1 0 0 0 0/0 9:46 0:00 0:00
Jiri Sekac 0 1 1 0 0 3 2 1 0 0 0/0 17:13 1:57 0:40
Peter Holland 0 2 2 -1 0 1 0 0 1 1 10/24 19:44 1:53 1:18
Sergey Tolchinsky 0 0 0 0 0 0 1 0 0 0 0/0 10:51 0:19 1:18
Ty Rattie 1 0 1 2 0 4 1 0 0 0 0/0 10:04 0:19 0:00
Tyler Pitlick 0 1 1 0 0 4 2 1 0 0 0/0 20:28 1:57 4:03
Viktor Loov 0 0 0 0 2 0 0 2 0 0 0/0 26:11 2:30 3:30
Players Stats for Rafales
Player Name G A P +/- PIM S H SB GA TA FO MP PP MP PK MP
------------------------------------------------------------------------------------
Alexander Yelesin 0 0 0 -1 0 0 1 1 0 1 0/0 16:17 0:00 0:44
Andrew Shaw 1 0 1 1 0 5 3 1 0 1 0/0 18:30 2:11 1:16
Ben Thomson 0 1 1 -1 2 3 0 0 0 1 0/0 12:46 0:00 0:47
Borna Rendulic 0 0 0 0 0 1 0 0 0 0 0/0 10:35 0:00 0:00
Brian Ferlin 0 2 2 -1 0 2 3 0 0 0 1/1 20:38 3:50 2:06
Connor Murphy 1 0 1 -2 0 4 1 1 1 0 0/0 22:04 3:59 1:05
Gabriel Carlsson 0 0 0 2 0 1 0 4 0 0 0/0 27:44 4:03 2:22
Garret Ross 0 1 1 1 0 1 3 0 0 0 0/0 15:59 2:11 0:00
James Livingstone 0 0 0 -1 0 0 1 1 0 0 0/0 11:52 0:00 0:00
James Sheppard 0 0 0 -1 0 0 0 1 0 0 0/1 18:07 3:50 0:00
Jayson Megna 0 1 1 1 2 1 2 1 0 1 9/13 17:10 2:11 0:52
Joe Labate 1 0 1 -1 0 5 0 0 0 0 1/2 13:00 0:00 0:49
Joey Laleggia 0 1 1 1 0 0 1 2 1 0 0/0 24:56 2:02 2:24
Julian Melchiori 0 0 0 -1 0 0 0 0 0 0 0/0 0:43 0:00 0:00
Pavel Kraskovsky 0 0 0 0 2 2 0 0 0 0 1/3 10:33 0:00 0:00
Slater Koekkoek 0 1 1 -1 0 1 2 2 0 0 0/0 21:39 1:58 1:43
Tyrell Goulbourne 0 0 0 0 0 0 0 0 0 0 0/0 10:27 0:00 0:00
Zac Dalpe 1 1 2 -1 0 3 1 0 0 0 16/31 20:37 3:50 2:28
3 Stars
1 - Jakub Vrana (Don)
2 - Andrey Pedan (Don)
3 - Ty Rattie (Don)
Power Play
Diablos - 1 on 3 Attempt(s) - 33.33%
Rafales - 1 on 4 Attempt(s) - 25.00%
Penalty Kill
Diablos - 3 on 4 Attempt(s) - 75.00%
- Score 0 goal in Penalty Kill
Rafales - 2 on 3 Attempt(s) - 66.67%
- Score 0 goal in Penalty Kill
Team Stat
Diablos - Hits : 23 - Faceoff Wins : 23 - Blocked Shots : 8 - Penalty Minutes : 8
Rafales - Hits : 18 - Faceoff Wins : 28 - Blocked Shots : 14 - Penalty Minutes : 6
Official
Referees : Unknown
Linesman : Unknown
Game Notes
Julian Melchiori is injured at 1:15 of 1st period (Sprained Right Knee)
Finance
Level 1 -- Attendance: 1464 (73.20%) -- Ticket Income $58,560
Level 2 -- Attendance: 664 (66.40%) -- Ticket Income $13,280
Total Attendance: 2128 (70.93%)
Total Ticket Income: $71,840
Other Income: $3,592
Total Income: $75,432
Diablos
5 vs 5 Forward
Center Left Wing Right Wing Time % Phy DF OF
1 Peter Holland Adrian Kempe Danton Heinen 45 0 2 3
2 Adam Gaudette Jiri Sekac Tyler Pitlick 30 0 2 3
3 Corey Trivino Sergey Tolchinsky Corey Tropp 15 0 2 3
4 Dominic Turgeon Jakub Vrana Ty Rattie 10 0 3 2
5 vs 5 Defense
Defense Defense Time % Phy DF OF
1 Viktor Loov Brian Dumoulin 40 0 3 2
2 Alex Petrovic Andrei Mironov 30 0 3 2
3 Dean Kukan Andrey Pedan 20 0 4 1
4 Viktor Loov Brian Dumoulin 10 0 3 2
PowerPlay Forward
Center Left Wing Right Wing Time % Phy DF OF
1 Peter Holland Adrian Kempe Danton Heinen 60 0 0 5
2 Corey Trivino Jiri Sekac Tyler Pitlick 40 0 0 5
PowerPlay Defense
Defense Defense Time % Phy DF OF
1 Brian Dumoulin Viktor Loov 60 0 1 4
2 Andrei Mironov Alex Petrovic 40 0 1 4
Penalty Kill 4 Players Forward
Center Wing Time % Phy DF OF
1 Corey Trivino Tyler Pitlick 60 1 4 0
2 Peter Holland Sergey Tolchinsky 40 1 4 0
Penalty Kill 4 Players Defense
Defense Defense Time % Phy DF OF
1 Dean Kukan Viktor Loov 60 1 4 0
2 Brian Dumoulin Alex Petrovic 40 1 4 0
Penalty Kill - 3 Players Forward
Forward Time % Phy DF OF
1 Corey Trivino 60 0 5 0
2 Adam Gaudette 40 0 5 0
Penalty Kill - 3 Players Defense
Defense Defense Time % Phy DF OF
1 Dean Kukan Viktor Loov 60 0 5 0
2 Alex Petrovic Andrey Pedan 40 0 5 0
4 vs 4 Forward
Center Wing Time % Phy DF OF
1 Peter Holland Adrian Kempe 60 0 2 3
2 Corey Trivino Danton Heinen 40 0 2 3
4 vs 4 Defense
Defense Defense Time % Phy DF OF
1 Viktor Loov Brian Dumoulin 60 0 2 3
2 Andrei Mironov Dean Kukan 40 0 2 3
Last Minutes Offensive
Center Left Wing Right Wing Defense Defense
Peter Holland Adrian Kempe Danton Heinen Brian Dumoulin Viktor Loov
Last Minutes Defensive
Center Left Wing Right Wing Defense Defense
Corey Trivino Sergey Tolchinsky Corey Tropp Viktor Loov Dean Kukan
Goaltenders
Starting : Joni Ortio
Backup : Jean-Francois Berube
Extra Forwards
Normal : Adrian Kempe, Danton Heinen, Peter Holland - PP : Danton Heinen, Adrian Kempe - PK : Corey Tropp
Extra Defensemen
Normal : Brian Dumoulin, Viktor Loov, Andrei Mironov - PP : Brian Dumoulin - PK : Dean Kukan, Viktor Loov
Penalty Shots
Peter Holland, Adrian Kempe, Danton Heinen, Corey Trivino, Corey Tropp
Scratches
Mason Appleton (Healthy), Guillaume Brisebois (Healthy), Tyler Lewington (Healthy), Daniel Sprong (Healthy), Tobias Lindberg (Healthy)
Scott Glennie (Healthy), Charles Hudon (Healthy), Jack Glover (Healthy), Ryan MacInnis (Healthy)
Rafales
5 vs 5 Forward
Center Left Wing Right Wing Time % Phy DF OF
1 Zac Dalpe James Sheppard Brian Ferlin 35 1 1 3
2 Jayson Megna Garret Ross Andrew Shaw 33 2 1 2
3 Joe Labate Ben Thomson James Livingstone 18 1 2 2
4 Pavel Kraskovsky Tyrell Goulbourne Borna Rendulic 14 1 2 2
5 vs 5 Defense
Defense Defense Time % Phy DF OF
1 Connor Murphy Julian Melchiori 41 1 2 2
2 Gabriel Carlsson Joey Laleggia 32 1 2 2
3 Alexander Yelesin Slater Koekkoek 21 1 2 2
4 Connor Murphy Gabriel Carlsson 6 1 2 2
PowerPlay Forward
Center Left Wing Right Wing Time % Phy DF OF
1 Zac Dalpe James Sheppard Brian Ferlin 60 0 1 4
2 Jayson Megna Garret Ross Andrew Shaw 40 1 0 4
PowerPlay Defense
Defense Defense Time % Phy DF OF
1 Connor Murphy Gabriel Carlsson 60 1 1 3
2 Joey Laleggia Julian Melchiori 40 1 1 3
Penalty Kill 4 Players Forward
Center Wing Time % Phy DF OF
1 Zac Dalpe Brian Ferlin 60 2 3 0
2 Jayson Megna Andrew Shaw 40 1 4 0
Penalty Kill 4 Players Defense
Defense Defense Time % Phy DF OF
1 Joey Laleggia Julian Melchiori 60 1 3 1
2 Slater Koekkoek Gabriel Carlsson 40 1 3 1
Penalty Kill - 3 Players Forward
Forward Time % Phy DF OF
1 Jayson Megna 60 2 3 0
2 Zac Dalpe 40 1 4 0
Penalty Kill - 3 Players Defense
Defense Defense Time % Phy DF OF
1 Joey Laleggia Julian Melchiori 60 1 3 1
2 Slater Koekkoek Gabriel Carlsson 40 1 3 1
4 vs 4 Forward
Center Wing Time % Phy DF OF
1 Zac Dalpe Andrew Shaw 60 1 2 2
2 Jayson Megna James Sheppard 40 1 2 2
4 vs 4 Defense
Defense Defense Time % Phy DF OF
1 Connor Murphy Joey Laleggia 60 1 2 2
2 Gabriel Carlsson Julian Melchiori 40 1 2 2
Last Minutes Offensive
Center Left Wing Right Wing Defense Defense
Zac Dalpe James Sheppard Andrew Shaw Connor Murphy Gabriel Carlsson
Last Minutes Defensive
Center Left Wing Right Wing Defense Defense
Jayson Megna Garret Ross Andrew Shaw Joey Laleggia Connor Murphy
Goaltenders
Starting : Leland Irving
Backup : Chris Driedger
Extra Forwards
Normal : Andrew Shaw, Zac Dalpe, James Sheppard - PP : Andrew Shaw, Zac Dalpe - PK : Brian Ferlin
Extra Defensemen
Normal : Connor Murphy, Joey Laleggia, Julian Melchiori - PP : Gabriel Carlsson - PK : Gabriel Carlsson, Connor Murphy
Penalty Shots
Zac Dalpe, James Sheppard, Andrew Shaw, Borna Rendulic, Connor Murphy
Scratches
Ryan Bourque (Healthy), Ben Johnson (Healthy), Blake Speers (Healthy), Brad Ross (Healthy), Dylan McIlrath (Strained Right Knee Injury)
David Broll (Healthy), Sean Maguire (Healthy)
% Time on Ice - Diablos
Lines # - Real PCT - Wanted PCT - Time Play
Normal Forward
1 - 35% - 45% - 17:31
2 - 29% - 30% - 14:39
3 - 18% - 15% - 8:53
4 - 18% - 10% - 8:47
Normal Defense
1 - 39% - 40% - 19:31
2 - 34% - 30% - 16:56
3 - 22% - 20% - 11:01
4 - 5% - 10% - 2:22
PP Forward
1 - 53% - 60% - 2:12
2 - 47% - 40% - 1:57
PP Defense
1 - 60% - 60% - 2:30
2 - 40% - 40% - 1:39
PK Forward
1 - 78% - 60% - 4:43
2 - 22% - 40% - 1:18
PK Defense
1 - 78% - 60% - 4:43
2 - 22% - 40% - 1:18
PK3 Forward
1 - 0% - 60%
2 - 0% - 40%
PK3 Defense
1 - 0% - 60%
2 - 0% - 40%
44 Forward
1 - 0% - 60%
2 - 0% - 40%
44 Defense
1 - 0% - 60%
2 - 0% - 40%
Last Minute Offensive - 0:00
Last Minute Defensive - 0:00
Total
Forward - 60:00
Defense - 60:00
|
% Time on Ice - Rafales
Lines # - Real PCT - Wanted PCT - Time Play
Normal Forward
1 - 30% - 35% - 14:44
2 - 27% - 33% - 13:34
3 - 23% - 18% - 11:39
4 - 20% - 14% - 9:53
Normal Defense
1 - 51% - 41% - 25:20
2 - 25% - 32% - 12:32
3 - 18% - 21% - 9:01
4 - 6% - 6% - 2:57
PP Forward
1 - 64% - 60% - 3:50
2 - 36% - 40% - 2:11
PP Defense
1 - 66% - 60% - 3:59
2 - 34% - 40% - 2:02
PK Forward
1 - 69% - 60% - 2:53
2 - 31% - 40% - 1:16
PK Defense
1 - 61% - 60% - 2:33
2 - 39% - 40% - 1:36
PK3 Forward
1 - 0% - 60%
2 - 0% - 40%
PK3 Defense
1 - 0% - 60%
2 - 0% - 40%
44 Forward
1 - 0% - 60%
2 - 0% - 40%
44 Defense
1 - 0% - 60%
2 - 0% - 40%
Last Minute Offensive - 0:00
Last Minute Defensive - 0:00
Total
Forward - 60:00
Defense - 60:00
|
Play-by-Play
1st period
0:01 of 1st period - Peter Holland wins face-off versus Zac Dalpe in neutral zone.
0:04 of 1st period - Snap shot by Adrian Kempe.
0:04 of 1st period - Goal by Adrian Kempe - Diablos : 1 - Rafales : 0.
0:05 of 1st period - Adam Gaudette wins face-off versus Jayson Megna in neutral zone.
0:12 of 1st period - Wrist shot by Adam Gaudette.
0:12 of 1st period - Stopped by Leland Irving with a rebound.
0:14 of 1st period - Slapshot by Alex Petrovic.
0:14 of 1st period - Shot Misses the Net.
0:16 of 1st period - Slapshot by Alex Petrovic.
0:16 of 1st period - Shot Misses the Net.
0:18 of 1st period - Wrist shot by Alex Petrovic.
0:18 of 1st period - Stopped by Leland Irving with a rebound.
0:20 of 1st period - Backhand shot by Andrei Mironov.
0:20 of 1st period - Shot Blocked by Gabriel Carlsson.
0:37 of 1st period - Backhand shot by Danton Heinen.
0:37 of 1st period - Stopped by Leland Irving without a rebound.
0:38 of 1st period - Corey Trivino wins face-off versus Zac Dalpe in Rafales zone.
0:53 of 1st period - Slapshot by Corey Tropp.
0:53 of 1st period - Stopped by Leland Irving with a rebound.
1:14 of 1st period - Julian Melchiori is hit by Danton Heinen.
1:15 of 1st period - Julian Melchiori from Rafales is injured at 1:15 of 1st period (Sprained Right Knee).
1:16 of 1st period - Jayson Megna wins face-off versus Dominic Turgeon in Rafales zone.
1:45 of 1st period - Snap shot by Tyler Pitlick.
1:45 of 1st period - Stopped by Leland Irving with a rebound.
2:05 of 1st period - Slapshot by Danton Heinen.
2:05 of 1st period - Shot Misses the Net.
2:21 of 1st period - Viktor Loov is hit by Andrew Shaw and loses puck.
2:48 of 1st period - Slapshot by Adrian Kempe.
2:48 of 1st period - Shot Misses the Net.
2:57 of 1st period - Minor Penalty to Pavel Kraskovsky for Holding.
2:58 of 1st period - Corey Trivino wins face-off versus Zac Dalpe in Rafales zone.
2:58 of 1st period - Snap shot by Jiri Sekac.
2:58 of 1st period - Shot Misses the Net.
4:53 of 1st period - Adrian Kempe is hit by Slater Koekkoek and loses puck.
4:57 of 1st period - Penalty to Pavel Kraskovsky is over, Pavel Kraskovsky is back on ice.
4:58 of 1st period - Snap shot by Pavel Kraskovsky.
4:58 of 1st period - Stopped by Joni Ortio with a rebound.
5:00 of 1st period - Snap shot by Joe Labate.
5:00 of 1st period - Stopped by Joni Ortio with a rebound.
5:02 of 1st period - Snap shot by Gabriel Carlsson.
5:02 of 1st period - Shot Blocked by Andrei Mironov.
5:04 of 1st period - Snap shot by Joe Labate.
5:04 of 1st period - Stopped by Joni Ortio without a rebound.
5:05 of 1st period - Pavel Kraskovsky wins face-off versus Dominic Turgeon in Diablos zone.
5:30 of 1st period - Dean Kukan is hit by Andrew Shaw and loses puck.
5:55 of 1st period - Snap shot by Tyler Pitlick.
5:55 of 1st period - Deflect By Zac Dalpe.
5:55 of 1st period - Shot Blocked by James Sheppard.
5:55 of 1st period - Puck is out of play.
5:56 of 1st period - Adam Gaudette wins face-off versus Zac Dalpe in Rafales zone.
6:30 of 1st period - Wrist shot by Ben Thomson.
6:30 of 1st period - Shot Misses the Net.
6:32 of 1st period - Backhand shot by Joe Labate.
6:32 of 1st period - Goal by Joe Labate - Diablos : 1 - Rafales : 1.
6:33 of 1st period - Jayson Megna wins face-off versus Peter Holland in neutral zone.
6:58 of 1st period - Gabriel Carlsson is hit by Tyler Pitlick and loses puck.
8:08 of 1st period - Wrist shot by Borna Rendulic.
8:08 of 1st period - Shot Misses the Net.
9:00 of 1st period - Corey Trivino is hit by Garret Ross and loses puck.
10:11 of 1st period - Zac Dalpe is hit by Jiri Sekac and loses puck.
10:29 of 1st period - Joey Laleggia is hit by Corey Trivino and loses puck.
10:44 of 1st period - Joey Laleggia is hit by Danton Heinen and loses puck.
10:49 of 1st period - Slapshot by Adrian Kempe.
10:49 of 1st period - Shot Misses the Net.
10:59 of 1st period - Snap shot by Ty Rattie.
10:59 of 1st period - Stopped by Leland Irving with a rebound.
11:01 of 1st period - Snap shot by Alex Petrovic.
11:01 of 1st period - Shot Blocked by Slater Koekkoek.
11:03 of 1st period - Wrist shot by Dominic Turgeon.
11:03 of 1st period - Stopped by Leland Irving with a rebound.
11:05 of 1st period - Wrist shot by Andrey Pedan.
11:05 of 1st period - Shot Blocked by Joey Laleggia.
11:07 of 1st period - Backhand shot by Alex Petrovic.
11:07 of 1st period - Deflect By Jakub Vrana.
11:07 of 1st period - Goal by Jakub Vrana - Diablos : 2 - Rafales : 1.
11:08 of 1st period - Danton Heinen wins face-off versus Zac Dalpe in neutral zone.
11:58 of 1st period - Snap shot by Corey Tropp.
11:58 of 1st period - Shot Blocked by Connor Murphy.
12:02 of 1st period - Wrist shot by Corey Trivino.
12:02 of 1st period - Stopped by Leland Irving with a rebound.
12:18 of 1st period - Snap shot by Peter Holland.
12:18 of 1st period - Deflect By Adrian Kempe.
12:18 of 1st period - Stopped by Leland Irving with a rebound.
12:20 of 1st period - Wrist shot by Peter Holland.
12:20 of 1st period - Stopped by Leland Irving with a rebound.
12:36 of 1st period - Wrist shot by Jiri Sekac.
12:36 of 1st period - Shot Blocked by Gabriel Carlsson.
12:55 of 1st period - Wrist shot by Pavel Kraskovsky.
12:55 of 1st period - Stopped by Joni Ortio with a rebound.
12:57 of 1st period - Slapshot by Gabriel Carlsson.
12:57 of 1st period - Shot Misses the Net.
12:59 of 1st period - Snap shot by Pavel Kraskovsky.
12:59 of 1st period - Shot Misses the Net.
13:01 of 1st period - Wrist shot by Connor Murphy.
13:01 of 1st period - Stopped by Joni Ortio without a rebound.
13:02 of 1st period - Danton Heinen wins face-off versus James Sheppard in Diablos zone.
15:32 of 1st period - Tyrell Goulbourne is hit by Alex Petrovic and loses puck.
16:00 of 1st period - Snap shot by Corey Trivino.
16:00 of 1st period - Shot Misses the Net.
16:13 of 1st period - Icing by Andrei Mironov.
16:14 of 1st period - Peter Holland wins face-off versus Joe Labate in Diablos zone.
16:19 of 1st period - Alex Petrovic is hit by James Livingstone and loses puck.
16:42 of 1st period - Slapshot by Ty Rattie.
16:42 of 1st period - Stopped by Leland Irving with a rebound.
16:44 of 1st period - Slapshot by Dean Kukan.
16:44 of 1st period - Shot Blocked by James Livingstone.
16:50 of 1st period - Wrist shot by Jakub Vrana.
16:50 of 1st period - Stopped by Leland Irving with a rebound.
16:52 of 1st period - Snap shot by Dominic Turgeon.
16:52 of 1st period - Deflect By Ty Rattie.
16:52 of 1st period - Shot Blocked by Gabriel Carlsson.
16:52 of 1st period - Puck is out of play.
16:53 of 1st period - Peter Holland wins face-off versus Jayson Megna in Rafales zone.
17:08 of 1st period - Snap shot by Danton Heinen.
17:08 of 1st period - Shot Blocked by Jayson Megna.
17:37 of 1st period - Off-side.
17:38 of 1st period - Corey Trivino wins face-off versus Pavel Kraskovsky in neutral zone.
17:38 of 1st period - Brian Dumoulin is hit by Joey Laleggia and loses puck.
17:45 of 1st period - Slapshot by Borna Rendulic.
17:45 of 1st period - Deflect By Pavel Kraskovsky.
17:45 of 1st period - Shot Misses the Net.
17:45 of 1st period - Puck is out of play.
17:46 of 1st period - Jayson Megna wins face-off versus Peter Holland in Diablos zone.
17:57 of 1st period - Slapshot by Andrew Shaw.
17:57 of 1st period - Stopped by Joni Ortio with a rebound.
18:35 of 1st period - Snap shot by Borna Rendulic.
18:35 of 1st period - Stopped by Joni Ortio without a rebound.
18:36 of 1st period - Adam Gaudette wins face-off versus Pavel Kraskovsky in Diablos zone.
19:13 of 1st period - Slapshot by Jakub Vrana.
19:13 of 1st period - Stopped by Leland Irving without a rebound.
19:14 of 1st period - Zac Dalpe wins face-off versus Adam Gaudette in Rafales zone.
19:21 of 1st period - Snap shot by Adam Gaudette.
19:21 of 1st period - Stopped by Leland Irving with a rebound.
19:23 of 1st period - Snap shot by Adam Gaudette.
19:23 of 1st period - Shot Misses the Net.
19:25 of 1st period - Snap shot by Adam Gaudette.
19:25 of 1st period - Stopped by Leland Irving with a rebound.
19:27 of 1st period - Slapshot by Brian Dumoulin.
19:27 of 1st period - Shot Blocked by Alexander Yelesin.
19:29 of 1st period - Slapshot by Viktor Loov.
19:29 of 1st period - Shot Misses the Net.
19:50 of 1st period - Wrist shot by Andrew Shaw.
19:50 of 1st period - Stopped by Joni Ortio without a rebound.
19:51 of 1st period - Jayson Megna wins face-off versus Adam Gaudette in Diablos zone.
19:52 of 1st period - Slapshot by Andrew Shaw.
19:52 of 1st period - Stopped by Joni Ortio with a rebound.
19:54 of 1st period - Slapshot by Garret Ross.
19:54 of 1st period - Shot Misses the Net.
19:56 of 1st period - Snap shot by Andrew Shaw.
19:56 of 1st period - Shot Misses the Net.
19:58 of 1st period - Snap shot by Andrew Shaw.
19:58 of 1st period - Stopped by Joni Ortio with a rebound.
Goals for this period are 2 for Diablos vs 1 for Rafales.
Shots for this period are 17 for Diablos vs 11 for Rafales.
2nd period
0:01 of 2nd period - Danton Heinen wins face-off versus Zac Dalpe in neutral zone.
0:16 of 2nd period - Slapshot by Danton Heinen.
0:16 of 2nd period - Stopped by Leland Irving with a rebound.
0:51 of 2nd period - Joe Labate is hit by Corey Tropp.
1:13 of 2nd period - Snap shot by Jakub Vrana.
1:13 of 2nd period - Shot Hit the Post.
1:24 of 2nd period - Double Minor Penalty to Adrian Kempe for High sticking.
1:25 of 2nd period - Corey Trivino wins face-off versus Zac Dalpe in Diablos zone.
1:38 of 2nd period - Icing by Zac Dalpe.
1:39 of 2nd period - Zac Dalpe wins face-off versus Corey Trivino in Rafales zone.
2:08 of 2nd period - Slapshot by Brian Ferlin.
2:08 of 2nd period - Shot Misses the Net.
2:12 of 2nd period - Snap shot by Zac Dalpe.
2:12 of 2nd period - Shot Misses the Net.
2:14 of 2nd period - Slapshot by Connor Murphy.
2:14 of 2nd period - Goal by Connor Murphy - Diablos : 2 - Rafales : 2.
2:15 of 2nd period - Jayson Megna wins face-off versus Corey Trivino in neutral zone.
4:14 of 2nd period - Penalty to Adrian Kempe is over, Adrian Kempe is back on ice.
4:16 of 2nd period - Icing by Garret Ross.
4:17 of 2nd period - Jayson Megna wins face-off versus Peter Holland in Rafales zone.
4:37 of 2nd period - Slapshot by Slater Koekkoek.
4:37 of 2nd period - Stopped by Joni Ortio with a rebound.
5:47 of 2nd period - Snap shot by Adam Gaudette.
5:47 of 2nd period - Stopped by Leland Irving with a rebound.
5:55 of 2nd period - Jiri Sekac is hit by Jayson Megna and loses puck.
6:14 of 2nd period - Wrist shot by Andrew Shaw.
6:14 of 2nd period - Shot Misses the Net.
6:20 of 2nd period - Wrist shot by Garret Ross.
6:20 of 2nd period - Shot Blocked by Viktor Loov.
6:22 of 2nd period - Snap shot by Garret Ross.
6:22 of 2nd period - Stopped by Joni Ortio with a rebound.
6:24 of 2nd period - Snap shot by Andrew Shaw.
6:24 of 2nd period - Shot Misses the Net.
6:30 of 2nd period - Snap shot by Andrew Shaw.
6:30 of 2nd period - Shot Misses the Net.
6:32 of 2nd period - Wrist shot by Andrew Shaw.
6:32 of 2nd period - Shot Misses the Net.
6:34 of 2nd period - Snap shot by Jayson Megna.
6:34 of 2nd period - Shot Misses the Net.
6:36 of 2nd period - Snap shot by Jayson Megna.
6:36 of 2nd period - Stopped by Joni Ortio with a rebound.
7:12 of 2nd period - Wrist shot by Garret Ross.
7:12 of 2nd period - Shot Misses the Net.
7:18 of 2nd period - Snap shot by Brian Dumoulin.
7:18 of 2nd period - Shot Misses the Net.
7:30 of 2nd period - Wrist shot by Adam Gaudette.
7:30 of 2nd period - Shot Blocked by Andrew Shaw.
7:54 of 2nd period - Slapshot by Adam Gaudette.
7:54 of 2nd period - Shot Misses the Net.
7:56 of 2nd period - Slapshot by Viktor Loov.
7:56 of 2nd period - Shot Misses the Net.
7:58 of 2nd period - Snap shot by Tyler Pitlick.
7:58 of 2nd period - Stopped by Leland Irving with a rebound.
8:00 of 2nd period - Wrist shot by Tyler Pitlick.
8:00 of 2nd period - Stopped by Leland Irving with a rebound.
8:02 of 2nd period - Snap shot by Adam Gaudette.
8:02 of 2nd period - Shot Misses the Net.
8:04 of 2nd period - Wrist shot by Jiri Sekac.
8:04 of 2nd period - Deflect By Tyler Pitlick.
8:04 of 2nd period - Shot Misses the Net.
8:04 of 2nd period - Puck is out of play.
8:05 of 2nd period - Peter Holland wins face-off versus Zac Dalpe in Rafales zone.
8:08 of 2nd period - Wrist shot by Adrian Kempe.
8:08 of 2nd period - Shot Misses the Net.
8:36 of 2nd period - Tyrell Goulbourne is hit by Adrian Kempe and loses puck.
8:57 of 2nd period - Sergey Tolchinsky is hit by Connor Murphy and loses puck.
9:15 of 2nd period - Brian Ferlin is hit by Ty Rattie and loses puck.
9:49 of 2nd period - Dominic Turgeon is hit by Brian Ferlin and loses puck.
10:04 of 2nd period - Peter Holland is hit by Brian Ferlin and loses puck.
11:17 of 2nd period - Gabriel Carlsson is hit by Andrey Pedan.
19:12 of 2nd period - Garret Ross is hit by Dean Kukan and loses puck.
Goals for this period are 0 for Diablos vs 1 for Rafales.
Shots for this period are 4 for Diablos vs 4 for Rafales.
3rd period
0:01 of 3rd period - Zac Dalpe wins face-off versus Peter Holland in neutral zone.
0:12 of 3rd period - Snap shot by James Sheppard.
0:12 of 3rd period - Shot Blocked by Danton Heinen.
1:32 of 3rd period - Snap shot by Ty Rattie.
1:32 of 3rd period - Stopped by Leland Irving with a rebound.
1:34 of 3rd period - Wrist shot by Jakub Vrana.
1:34 of 3rd period - Stopped by Leland Irving without a rebound.
1:35 of 3rd period - Dominic Turgeon wins face-off versus Zac Dalpe in Rafales zone.
1:36 of 3rd period - Slapshot by Ty Rattie.
1:36 of 3rd period - Shot Blocked by Slater Koekkoek.
1:42 of 3rd period - Slapshot by Dominic Turgeon.
1:42 of 3rd period - Stopped by Leland Irving without a rebound.
1:43 of 3rd period - Peter Holland wins face-off versus Zac Dalpe in Rafales zone.
1:54 of 3rd period - Wrist shot by James Sheppard.
1:54 of 3rd period - Shot Misses the Net.
1:56 of 3rd period - Wrist shot by Brian Ferlin.
1:56 of 3rd period - Shot Misses the Net.
1:58 of 3rd period - Wrist shot by Alexander Yelesin.
1:58 of 3rd period - Deflect By Zac Dalpe.
1:58 of 3rd period - Stopped by Joni Ortio with a rebound.
2:12 of 3rd period - Snap shot by Jiri Sekac.
2:12 of 3rd period - Shot Misses the Net.
2:20 of 3rd period - Wrist shot by Jiri Sekac.
2:20 of 3rd period - Shot Misses the Net.
2:38 of 3rd period - Snap shot by Joe Labate.
2:38 of 3rd period - Stopped by Joni Ortio with a rebound.
3:32 of 3rd period - Andrei Mironov is hit by Garret Ross and loses puck.
3:53 of 3rd period - Snap shot by Ben Thomson.
3:53 of 3rd period - Stopped by Joni Ortio without a rebound.
3:54 of 3rd period - Brian Ferlin wins face-off versus Adam Gaudette in Diablos zone.
4:22 of 3rd period - Wrist shot by Adam Gaudette.
4:22 of 3rd period - Shot Blocked by Gabriel Carlsson.
4:42 of 3rd period - Connor Murphy is hit by Sergey Tolchinsky and loses puck.
4:53 of 3rd period - Snap shot by Corey Tropp.
4:53 of 3rd period - Shot Misses the Net.
4:55 of 3rd period - Snap shot by Alex Petrovic.
4:55 of 3rd period - Stopped by Leland Irving with a rebound.
5:15 of 3rd period - Slapshot by Connor Murphy.
5:15 of 3rd period - Shot Blocked by Alex Petrovic.
5:32 of 3rd period - Snap shot by Jiri Sekac.
5:32 of 3rd period - Shot Misses the Net.
5:34 of 3rd period - Slapshot by Dean Kukan.
5:34 of 3rd period - Deflect By Jiri Sekac.
5:34 of 3rd period - Stopped by Leland Irving without a rebound.
5:35 of 3rd period - Jayson Megna wins face-off versus Peter Holland in Rafales zone.
5:35 of 3rd period - Jayson Megna is hit by Andrey Pedan.
6:30 of 3rd period - Wrist shot by Ben Thomson.
6:30 of 3rd period - Stopped by Joni Ortio without a rebound.
6:31 of 3rd period - Peter Holland wins face-off versus Jayson Megna in Diablos zone.
6:31 of 3rd period - Peter Holland is hit by Alexander Yelesin.
6:42 of 3rd period - Minor Penalty to Jayson Megna for Roughing.
6:43 of 3rd period - Zac Dalpe wins face-off versus Peter Holland in Rafales zone.
6:43 of 3rd period - Zac Dalpe is hit by Brian Dumoulin.
7:12 of 3rd period - Slapshot by Brian Dumoulin.
7:12 of 3rd period - Stopped by Leland Irving with a rebound.
7:38 of 3rd period - Snap shot by Tyler Pitlick.
7:38 of 3rd period - Deflect By Joey Laleggia.
7:38 of 3rd period - Stopped by Leland Irving without a rebound.
7:39 of 3rd period - Zac Dalpe wins face-off versus Peter Holland in Rafales zone.
8:04 of 3rd period - Peter Holland is hit by Slater Koekkoek and loses puck.
8:19 of 3rd period - Gabriel Carlsson is hit by Tyler Pitlick and loses puck.
8:42 of 3rd period - Penalty to Jayson Megna is over, Jayson Megna is back on ice.
8:56 of 3rd period - Slapshot by Connor Murphy.
8:56 of 3rd period - Shot Blocked by Viktor Loov.
9:50 of 3rd period - Backhand shot by Jakub Vrana.
9:50 of 3rd period - Stopped by Leland Irving with a rebound.
9:56 of 3rd period - Snap shot by Ty Rattie.
9:56 of 3rd period - Goal by Ty Rattie - Diablos : 3 - Rafales : 2.
9:57 of 3rd period - Jayson Megna wins face-off versus Peter Holland in neutral zone.
10:08 of 3rd period - Snap shot by Andrew Shaw.
10:08 of 3rd period - Goal by Andrew Shaw - Diablos : 3 - Rafales : 3.
10:09 of 3rd period - Peter Holland wins face-off versus Zac Dalpe in neutral zone.
11:04 of 3rd period - Wrist shot by Ben Thomson.
11:04 of 3rd period - Shot Misses the Net.
11:06 of 3rd period - Wrist shot by Joe Labate.
11:06 of 3rd period - Stopped by Joni Ortio with a rebound.
11:16 of 3rd period - Slater Koekkoek is hit by Jakub Vrana and loses puck.
11:45 of 3rd period - Peter Holland is hit by Zac Dalpe and loses puck.
11:58 of 3rd period - Jayson Megna is hit by Jiri Sekac and loses puck.
12:05 of 3rd period - Adam Gaudette is hit by Jayson Megna and loses puck.
12:18 of 3rd period - Wrist shot by Alex Petrovic.
12:18 of 3rd period - Stopped by Leland Irving without a rebound.
12:19 of 3rd period - Joe Labate wins face-off versus Corey Trivino in Rafales zone.
12:19 of 3rd period - Joe Labate is hit by Corey Tropp.
12:44 of 3rd period - Snap shot by Peter Holland.
12:44 of 3rd period - Deflect By Adrian Kempe.
12:44 of 3rd period - Shot Blocked by Joey Laleggia.
12:44 of 3rd period - Puck is out of play.
12:45 of 3rd period - Zac Dalpe wins face-off versus Peter Holland in Rafales zone.
12:45 of 3rd period - Zac Dalpe is hit by Danton Heinen.
12:53 of 3rd period - Snap shot by Danton Heinen.
12:53 of 3rd period - Stopped by Leland Irving without a rebound.
12:54 of 3rd period - Peter Holland wins face-off versus Zac Dalpe in Rafales zone.
12:55 of 3rd period - Wrist shot by Adrian Kempe.
12:55 of 3rd period - Stopped by Leland Irving without a rebound.
12:56 of 3rd period - Peter Holland wins face-off versus Zac Dalpe in Rafales zone.
12:57 of 3rd period - Wrist shot by Danton Heinen.
12:57 of 3rd period - Shot Misses the Net.
13:07 of 3rd period - Snap shot by Zac Dalpe.
13:07 of 3rd period - Goal by Zac Dalpe - Diablos : 3 - Rafales : 4.
13:08 of 3rd period - Zac Dalpe wins face-off versus Peter Holland in neutral zone.
13:11 of 3rd period - Viktor Loov is hit by Brian Ferlin and loses puck.
13:31 of 3rd period - Icing by Gabriel Carlsson.
13:32 of 3rd period - Zac Dalpe wins face-off versus Adam Gaudette in Rafales zone.
13:43 of 3rd period - Andrei Mironov is hit by Garret Ross and loses puck.
14:07 of 3rd period - Slapshot by Ben Thomson.
14:07 of 3rd period - Stopped by Joni Ortio without a rebound.
14:08 of 3rd period - Zac Dalpe wins face-off versus Peter Holland in Diablos zone.
14:15 of 3rd period - Slapshot by Brian Ferlin.
14:15 of 3rd period - Stopped by Joni Ortio with a rebound.
14:17 of 3rd period - Minor Penalty to Adrian Kempe for Cross-checking.
14:18 of 3rd period - Corey Trivino wins face-off versus Zac Dalpe in Diablos zone.
14:28 of 3rd period - Off-side.
14:29 of 3rd period - Zac Dalpe wins face-off versus Corey Trivino in neutral zone.
14:34 of 3rd period - Wrist shot by Zac Dalpe.
14:34 of 3rd period - Shot Misses the Net.
14:36 of 3rd period - Slapshot by Gabriel Carlsson.
14:36 of 3rd period - Stopped by Joni Ortio with a rebound.
14:38 of 3rd period - Wrist shot by James Sheppard.
14:38 of 3rd period - Shot Blocked by Tyler Pitlick.
14:40 of 3rd period - Slapshot by Connor Murphy.
14:40 of 3rd period - Shot Misses the Net.
14:42 of 3rd period - Slapshot by Gabriel Carlsson.
14:42 of 3rd period - Shot Blocked by Dean Kukan.
14:44 of 3rd period - Slapshot by Connor Murphy.
14:44 of 3rd period - Deflect By Corey Trivino.
14:44 of 3rd period - Stopped by Joni Ortio without a rebound.
14:45 of 3rd period - Zac Dalpe wins face-off versus Corey Trivino in Diablos zone.
14:48 of 3rd period - Wrist shot by Brian Ferlin.
14:48 of 3rd period - Deflect By Zac Dalpe.
14:48 of 3rd period - Stopped by Joni Ortio with a rebound.
14:50 of 3rd period - Slapshot by Connor Murphy.
14:50 of 3rd period - Stopped by Joni Ortio without a rebound.
14:51 of 3rd period - Zac Dalpe wins face-off versus Corey Trivino in Diablos zone.
15:06 of 3rd period - Snap shot by Brian Ferlin.
15:06 of 3rd period - Stopped by Joni Ortio with a rebound.
15:25 of 3rd period - Connor Murphy is hit by Alex Petrovic and loses puck.
16:17 of 3rd period - Penalty to Adrian Kempe is over, Adrian Kempe is back on ice.
16:32 of 3rd period - Minor Penalty to Ben Thomson for Tripping.
16:33 of 3rd period - Zac Dalpe wins face-off versus Peter Holland in Rafales zone.
16:41 of 3rd period - Snap shot by Peter Holland.
16:41 of 3rd period - Shot Misses the Net.
16:43 of 3rd period - Snap shot by Adrian Kempe.
16:43 of 3rd period - Goal by Adrian Kempe - Diablos : 4 - Rafales : 4.
16:44 of 3rd period - Zac Dalpe wins face-off versus Peter Holland in neutral zone.
16:44 of 3rd period - Gabriel Carlsson is hit by Adrian Kempe and loses puck.
16:57 of 3rd period - Gabriel Carlsson is hit by Danton Heinen and loses puck.
17:10 of 3rd period - Gabriel Carlsson is hit by Adam Gaudette and loses puck.
17:20 of 3rd period - Icing by Joey Laleggia.
17:21 of 3rd period - Peter Holland wins face-off versus Jayson Megna in Rafales zone.
17:46 of 3rd period - Wrist shot by Jiri Sekac.
17:46 of 3rd period - Stopped by Leland Irving with a rebound.
17:48 of 3rd period - Snap shot by Jiri Sekac.
17:48 of 3rd period - Stopped by Leland Irving without a rebound.
17:49 of 3rd period - Zac Dalpe wins face-off versus Adam Gaudette in Rafales zone.
17:58 of 3rd period - Snap shot by Slater Koekkoek.
17:58 of 3rd period - Shot Blocked by Jiri Sekac.
18:34 of 3rd period - Snap shot by Adam Gaudette.
18:34 of 3rd period - Goal by Adam Gaudette - Diablos : 5 - Rafales : 4.
18:35 of 3rd period - Zac Dalpe wins face-off versus Peter Holland in neutral zone.
18:46 of 3rd period - Minor Penalty to Viktor Loov for Hooking.
18:47 of 3rd period - Corey Trivino wins face-off versus Zac Dalpe in Diablos zone.
19:27 of 3rd period - Icing by Jayson Megna.
19:28 of 3rd period - Jayson Megna wins face-off versus Corey Trivino in Rafales zone.
19:35 of 3rd period - Dean Kukan is hit by Andrew Shaw and loses puck.
19:53 of 3rd period - Rafales, Leland Irving is pulled from the net.
Goals for this period are 3 for Diablos vs 2 for Rafales.
Shots for this period are 16 for Diablos vs 14 for Rafales.